 Dungeon Crawl Stone Soup version 0.14-a0-1773-ge500af7 (webtiles) character file.

6040 Kae the Martial Artist (level 10, 0/74 HPs)
             Began as a Pale Draconian Transmuter on Jan 6, 2014.
             Was a Follower of Sif Muna.
             Slain by a red ugly thing (8 damage)
             ... on Level 10 of the Dungeon.
             The game lasted 00:40:47 (13742 turns).

Kae the Martial Artist (Pale Draconian Transmuter) Turns: 13742, Time: 00:40:47

HP   0/74        AC  2     Str 14      XL: 10   Next: 43%
MP  13/16        EV 20     Int 13      God: Sif Muna [*.....]
Gold 516         SH  0     Dex 19      Spells:  3 memorised,  7 levels left

rFire  . . .     SeeInvis .       - Unarmed
rCold  . . .     Clarity  +     (armour unavailable)
rNeg   . . .     Conserve .     (shield currently unavailable)
rPois  x         rCorr    .     (helmet currently unavailable)
rElec  .         rRot     .     (cloak currently unavailable)
SustAb + .       Spirit   .     D - melded +1 pair of gloves
rMut   .         Warding  .     z - melded +2 pair of boots "Lani" {+Rage rN+ SInv}
Saprov . . .     Stasis   .     C - amulet of clarity
                                u - ring of sustain abilities
                                n - ring of flight

@: spider-form, quick, somewhat resistant to hostile enchantments, unstealthy
A: (breathe steam), unfitting armour, AC +7
a: End Transformation, Channel Energy, Renounce Religion, Evoke Flight


You were on level 10 of the Dungeon.
You worshipped Sif Muna.
Sif Muna was aware of your devotion.
You were very hungry.
You were in spider-form.
You visited 2 branches of the dungeon, and saw 11 of its levels.
You also visited: Sewer.

You collected 516 gold pieces.

Inventory:

Missiles
 b - 206 arrows
 h - 4 arrows of frost
 q - 2 poisoned arrows
 Q - a tomahawk (quivered)
 U - 16 arrows of flame
Armour
 z - the +2 pair of boots "Lani" (melded) {+Rage rN+ SInv}
   (You found it on level 4 of the Dungeon)

   It protects you from negative energy.
   It enhances your eyesight.
   It lets you go berserk.
 D - a +1 pair of gloves (melded)
Magical devices
 J - a wand of digging (15)
 M - a wand of cold (0)
Comestibles
 a - 9 bread rations
 f - 8 apples
 l - 3 chokos
 L - 3 meat rations
 P - 7 strawberries
 S - 2 apricots
Scrolls
 c - a scroll of recharging
 e - a scroll of blinking
 i - 9 scrolls of remove curse
 j - a scroll of enchant armour
 p - 2 scrolls of amnesia
 v - 7 scrolls of teleportation
 H - 2 scrolls of fear
 I - a scroll of fog
 K - a scroll of enchant weapon II
 N - 2 scrolls of enchant weapon I
 T - a scroll of magic mapping
Jewellery
 n - a ring of flight (left front leg)
 u - a ring of sustain abilities (right front leg)
 A - an uncursed ring of teleportation
 C - an amulet of clarity (around neck)
Potions
 g - 2 potions of invisibility
 o - a potion of mutation {unknown}
 r - 2 potions of speed
 s - 3 potions of berserk rage
 t - a potion of restore abilities {unknown}
 w - a potion of lignification {unknown}
 x - 5 potions of curing
 B - 3 potions of heal wounds
 E - a potion of brilliance {unknown}
 F - 2 potions of flight {unknown}
 G - 5 potions of agility
 R - a potion of confusion {unknown}
Books
 d - a book of Changes

   Spells                             Type                      Level
   *Beastly Appendage                 Transmutation                1
   *Sticks to Snakes                  Transmutation                2
   *Spider Form                       Transmutation/Poison         3
   Ice Form                           Ice/Transmutation            4
   Blade Hands                        Transmutation                5
 y - a book of Transfigurations

   Spells                             Type                      Level
   Stoneskin                          Transmutation/Earth          2
   Ice Form                           Ice/Transmutation            4
   Statue Form                        Transmutation/Earth          6
   Dragon Form                        Transmutation                7


   Skills:
 + Level 2.4 Fighting
 + Level 2.5 Dodging
 + Level 12.4 Unarmed Combat
 - Level 2.0 Spellcasting
 * Level 9.4 Transmutations


You had 7 spell levels left.
You knew the following spells:

 Your Spells              Type           Power        Failure   Level  Hunger
a - Beastly Appendage     Trmt           ####..       4%          1    ##.....
b - Sticks to Snakes      Trmt           ####......   4%          2    ###....
c - Spider Form           Trmt/Pois      ##........   28%         3    ####...


Dungeon Overview and Level Annotations

Branches:
Dungeon (10/16)            Temple (1/1) D:5
    Orc: D:9-12        Lair: D:8-11

Altars:
Ashenzari
Cheibriados
Elyvilon
Fedhas
Kikubaaqudgha
Makhleb
Nemelex Xobeh
Okawaru
Sif Muna
Trog
Vehumet
Xom
Yredelemnul
Zin
the Shining One

Shops:
D:4 (   D:8 :

Annotations:
D:7 Mitsuki's ghost, experienced FoFi


Message History

One of your 10 scrolls of remove curse catches fire!
One of your 8 scrolls of teleportation catches fire!
* * * LOW HITPOINT WARNING * * *
Read which item? (? for menu, Esc to quit)
As you read the scroll of fear, it crumbles to dust.
You assume a fearsome visage.
The red ugly thing looks frightened!
The red ugly thing turns to fight!
You hit the red ugly thing.
The red ugly thing is heavily wounded.
The red ugly thing barely misses you.
Casting: Beastly Appendage
Confirm with . or Enter, or press ? or * to list all spells.
Your horns disappear.
You turn into a venomous arachnid creature.
Your +1 pair of gloves melds into your body.
The +2 pair of boots "Lani" {+Rage rN+ SInv} melds into your body.
The red ugly thing headbutts you!
* * * LOW HITPOINT WARNING * * *
You are engulfed in flames!
You die...

...#...#...#.###.### .
.........###.#.....#.#
.............#######.#
♣............≈≈≈≈≈≈≈.#
....###......#######.
..♣%.##...##.#.....#.#
.....#######.###.###.#
.....# #...#u#...#
..♣..# ###.#s#..#
....## #####......#
♣...# #...##.....#
...#### #..........##
......####...........#
###....u##..#.......##
#.......#####......#
##......# #......#
####.....###.........#


You could see a red ugly thing.

Vanquished Creatures
  A two-headed ogre (D:8)
  3 ugly things (D:10)
  6 yaks (D:9)
  2 hungry ghosts (D:9)
  A deep elf fighter (D:8)
  A steam dragon (D:8)
  A necrophage (D:8)
  2 sky beasts
  3 phantoms
  Purgy (Sewer)
  2 ice beasts
  4 ogres
  6 centaurs
  5 giant frogs
  A gnoll sergeant (D:6)
  A cyclops skeleton (D:9)
  3 crimson imps
  A giant frog zombie (D:9)
  2 scorpions
  A giant frog skeleton (D:6)
  3 orc priests
  4 hounds
  2 jellies (D:9)
  2 iguanas (D:8)
  9 orc wizards
  3 worker ants
  Ijyb (D:2)
  An ogre zombie (D:9)
  A hound zombie (D:6)
  10 adders
  4 gnolls
  5 giant mites
  7 worms
  3 adder skeletons (D:4)
  2 giant eyeballs
  9 giant geckos
  30 orcs
  13 bats
  A bat zombie (D:6)
  5 giant cockroaches
  24 hobgoblins
  23 kobolds
  An ooze (D:1)
  3 quokkas
  4 ball pythons
  11 giant newts
  25 goblins
  A hobgoblin skeleton (D:5)
  A hobgoblin zombie (D:6)
  12 rats
  3 ballistomycetes (D:8)
270 creatures vanquished.

Vanquished Creatures (others)
  A giant spore (D:8)
  A kobold (D:8)
2 creatures vanquished.

Grand Total: 272 creatures vanquished

Notes
Turn   | Place    | Note
--------------------------------------------------------------
     0 | D:1      | Kae, the Draconian Transmuter, began the quest for the Orb.
     0 | D:1      | Reached XP level 1. HP: 16/16 MP: 3/3
   164 | D:1      | Reached XP level 2. HP: 2/23 MP: 2/4
   283 | D:1      | Learned a level 2 spell: Sticks to Snakes
   784 | D:1      | Reached XP level 3. HP: 12/28 MP: 4/6
  1690 | D:1      | Reached skill level 4 in Unarmed Combat
  1846 | D:2      | Learned a level 3 spell: Spider Form
  2033 | D:2      | Noticed Ijyb
  2064 | D:2      | Killed Ijyb
  2064 | D:2      | Reached XP level 4. HP: 27/35 MP: 5/7
  2843 | D:3      | Reached skill level 5 in Unarmed Combat
  2843 | D:3      | Reached XP level 5. HP: 40/40 MP: 7/9
  3537 | D:3      | Found a burning altar of Makhleb.
  3815 | D:4      | Got a pair of polished boots
  3818 | D:4      | Identified the +2 pair of boots "Lani" {+Rage rN+ SInv} (You found it on level 4 of the Dungeon)
  4151 | D:4      | Found Kump's Antique Weapon Emporium.
  4465 | D:4      | Noticed an ogre
  4567 | D:4      | Killed an ogre
  4567 | D:4      | Reached XP level 6. HP: 17/47 MP: 8/10
  4950 | D:5      | Entered Level 5 of the Dungeon
  4974 | D:5      | Reached skill level 6 in Unarmed Combat
  5202 | D:5      | Reached skill level 5 in Transmutations
  5202 | D:5      | Your scales start fading to a pale cyan-grey colour.
  5202 | D:5      | Reached XP level 7. HP: 7/52 MP: 6/12
  5490 | D:5      | Found a staircase to the Ecumenical Temple.
  5509 | Temple   | Entered the Ecumenical Temple
  5957 | D:5      | Paralysed by a giant eyeball for 4 turns
  6385 | D:6      | Reached skill level 7 in Unarmed Combat
  6633 | D:6      | Found a glowing drain.
  6666 | D:6      | Found a white marble altar of Elyvilon.
  6696 | Sewer    | Entered a sewer
  6792 | Sewer    | Noticed Purgy
  6928 | Sewer    | Killed Purgy
  7230 | D:6      | Reached skill level 8 in Unarmed Combat
  7261 | D:6      | Reached XP level 8. HP: 57/59 MP: 13/13
  7991 | D:6      | Found a sparkling altar of Nemelex Xobeh.
  8252 | D:7      | Found a deep blue altar of Sif Muna.
  8260 | D:7      | Became a worshipper of Sif Muna the Loreminder
  8585 | D:7      | Noticed Mitsuki's ghost (experienced FoFi)
  9105 | D:7      | Reached skill level 9 in Unarmed Combat
 10161 | D:8      | Found Yssyag Twio's Book Shoppe.
 10166 | D:8      | Found a glowing silver altar of Zin.
 10167 | D:8      | Found a shattered altar of Ashenzari.
 10182 | D:8      | Found a radiant altar of Vehumet.
 10187 | D:8      | Found a snail-covered altar of Cheibriados.
 10193 | D:8      | Reached skill level 10 in Unarmed Combat
 10193 | D:8      | Reached XP level 9. HP: 57/64 MP: 12/14
 11639 | D:9      | Acquired Sif Muna's first power
 11639 | D:9      | Reached skill level 11 in Unarmed Combat
 12383 | D:9      | Reached XP level 10. HP: 59/68 MP: 16/16
 12390 | D:9      | Reached skill level 12 in Unarmed Combat
 12738 | D:10     | Entered Level 10 of the Dungeon
 12808 | D:10     | Noticed a hill giant
 13742 | D:10     | Slain by a red ugly thing

Action                   |  1- 3 |  4- 6 |  7- 9 | 10-12 || total
-------------------------+-------+-------+-------+-------++-------
Melee: Unarmed           |   191 |   213 |   552 |   103 ||  1059
 Cast: Beastly Appendage |    14 |    22 |    56 |    13 ||   105
       Spider Form       |       |     5 |     5 |     2 ||    12
 Abil: Evoke Flight      |       |       |     1 |       ||     1
       Breathe Steam     |       |       |     8 |     4 ||    12
Evoke: Wand              |       |     5 |     9 |       ||    14
  Use: Scroll            |       |       |    24 |     3 ||    27
       Potion            |       |       |     3 |     1 ||     4
 Stab: Sleeping          |       |       |     3 |       ||     3
